 Dungeon Crawl Stone Soup version 0.25-a0-645-gb4487340cb (webtiles) character file.

Game seed: 12885505235990313856, levelgen mode: deterministic

45 ReteAZ the Slasher (level 3, -1/29 HPs)
             Began as a Barachi Gladiator on Mar 21, 2020.
             Slain by an adder (2 damage)
             ... on level 2 of the Dungeon.
             The game lasted 00:00:58 (910 turns).

ReteAZ the Slasher (Barachi Gladiator)               Turns: 910, Time: 00:00:58

Health: -1/29      AC:  4    Str: 15    XL:     3   Next: 64%
Magic:  3/3        EV: 13    Int:  8    God:
Gold:   94         SH:  0    Dex: 14    Spells: 2/2 levels left

rFire    + . .     SeeInvis .   a - +0 long sword
rCold    + . .     Gourm    .   (no shield)
rNeg     . . .     Faith    .   b - +0 leather armour
rPois    +         Spirit   .   c - +0 helmet
rElec    +         Reflect  .   (no cloak)
rCorr    +         Harm     .   (no gloves)
MR       .....                  (no boots)
Stlth    +.........             (no amulet)
HPRegen  0.09/turn              (no ring)
MPRegen  0.08/turn              (no ring)

@: lethally poisoned (-1 -> -8), resistant, slow
A: +LOS, swims, slowness 1, strong legs 1
a: Hop


You were on level 2 of the Dungeon.
You were not hungry.

You visited 1 branch of the dungeon, and saw 2 of its levels.

You collected 94 gold pieces.

Inventory:

Hand Weapons
 a - a +0 long sword (weapon)
Missiles
 d - 3 throwing nets (quivered)
Armour
 b - a +0 leather armour (worn)
 c - a +0 helmet (worn)
Scrolls
 e - 4 scrolls of identify {unknown}
 h - 4 scrolls of remove curse {unknown}
Potions
 i - a potion of resistance
 j - 2 potions of curing {unknown}
 k - a potion of stabbing {unknown}
 l - a potion of degeneration {unknown}
Comestibles
 f - 3 rations
 g - a chunk of flesh


   Skills:
 + Level 3.1 Fighting
 + Level 4.2 Long Blades
 - Level 2.0 Throwing
 + Level 1.6 Armour
 + Level 3.7 Dodging


You had 2 spell levels left.
You didn't know any spells.
Your spell library was empty.

Dungeon Overview and Level Annotations

Branches:
Dungeon (2/15)

Altars:
Dithmenos


Innate Abilities, Weirdness & Mutations

You can be seen from farther away. (+LOS)
You can swim through water.
You cover ground slowly.
You can hop short distances.


Message History

* * * LOW HITPOINT WARNING * * *
You slash the adder!
The adder is severely wounded.
The adder bites you.
* * * LOW HITPOINT WARNING * * *
You are lethally poisoned!
The adder poisons you! The adder barely misses you.
You miss the adder.
The adder is severely wounded.
* * * LOW HITPOINT WARNING * * *
You feel sick. The adder bites you.
* * * LOW HITPOINT WARNING * * *
You barely miss the adder.
The adder is severely wounded.
* * * LOW HITPOINT WARNING * * *
You feel sick.
The adder bites you but does no damage. x2
It was a potion of resistance.
You feel protected. The adder bites you.
You die...

#.#######.#....# # #.
##..#.##.## # #.
####...#.#...### #.
#.........._.... #.
#.##...###..÷#.# #.
#.###..# ##.##.# #.
#.# #..# #....#
##S##.# #..####.####
###..@#.###...........
#............####....#
#.#...#†###..####....#
# ##.##.# .#......÷)
#. #.? ........÷# #.
#### ..#.......# #.
..#..#.#..# #.
.......... ##
.#..#.#.##


You could see an adder.

Vanquished Creatures
  An adder (D:2)
  2 worms (D:2)
  A dart slug (D:2)
  A leopard gecko (D:1)
  5 goblins (D:1)
  5 hobgoblins
  A kobold (D:1)
  7 bats
  4 rats
27 creatures vanquished.

Notes
Turn   | Place    | Note
-------+----------+-------------------------------------------
     0 | D:1      | ReteAZ the Barachi Gladiator began the quest for the Orb.
     0 | D:1      | Reached XP level 1. HP: 17/17 MP: 1/1
    63 | D:1      | Reached XP level 2. HP: 22/23 MP: 2/2
   247 | D:1      | Reached skill level 1 in Armour
   486 | D:1      | Reached skill level 4 in Long Blades
   652 | D:2      | Reached XP level 3. HP: 28/28 MP: 3/3
   859 | D:2      | Found a shadowy altar of Dithmenos.
   909 | D:2      | HP: 1/29 [poisoned by an adder]
   910 | D:2      | Slain by an adder

Levels and vault maps discovered:
D:1:      ncdulo_lavacross, layout_loops_cross
D:2:      layout_loops_ring, nicolae_ru_the_path_less_chosen,
          nicolae_overflow_crystal_walls, hangedman_decor_points

Skill      XL: |  1  2  3 |
---------------+----------+-----
Armour         | 1 |  1.6
Long Blades    | 4 |  4.2
Fighting       | 3 |  3.1
Throwing       | |  2.0
Dodging        | |  3.7

Action                   || total
-------------------------++-------
Melee: Long sword        ||    76
  Use: Potion            ||     1
  Eat: Chunk             ||     1
Armor: Leather armour    ||    26
Dodge: Dodged            ||    66
       Rpst.: Long sword ||    25

Table legend:
 A = Non-vault XP
 B = Vault XP
 C = Vault XP percentage of total XP
 D = Non-vault monster count
 E = Vault monster count
 F = Vault count percentage of total count
                 A         B        C        D         E       F
            +---------+---------+-------+---------+---------+-------
      Total |      65 |       0 |   0.0 |      27 |       0 |   0.0
            +---------+---------+-------+---------+---------+-------
        D:1 |      27 |       0 |   0.0 |      15 |       0 |   0.0
        D:2 |      38 |       0 |   0.0 |      12 |       0 |   0.0
            +---------+---------+-------+---------+---------+-------
